 Dungeon Crawl Stone Soup version 0.26-b1-32-g5d43845318 (webtiles) character file.

Game seed: 2977661634431050119

112 salade2fruit the Chiller (level 4, -1/27 HPs)
             Began as an Octopode Ice Elementalist on Jan 7, 2021.
             Slain by Crazy Yiuf
             ... wielding a +2 quarterstaff of chaos
              (12 damage)
             ... on level 2 of the Dungeon.
             The game lasted 00:05:44 (2638 turns).

salade2fruit the Chiller (OpIE)                     Turns: 2638, Time: 00:05:46

Health: -1/27      AC:  1    Str:  7    XL:     4   Next: 95%
Magic:  8/8        EV: 13    Int: 18    God:
Gold:   162        SH:  0    Dex: 12    Spells: 2/9 levels left

rFire    . . .     SeeInvis .   a - +0 dagger (speed)
rCold    . . .     Faith    .   (no shield)
rNeg     . . .     Spirit   .   (helmet restricted)
rPois    .         Reflect  .   (no amulet)
rElec    .         Harm     .   q - ring of willpower
rCorr    +         Rampage  .   h - ring of resist corrosion (curse)
Will     +....                  (no ring)
Stlth    ++++......             (no ring)
HPRegen  0.09/turn              (no ring)
MPRegen  0.11/turn              (no ring)
                                (no ring)
                                (no ring)

@: no status effects
A: almost no armour, stealthy swim, amphibious, 8 rings, constrict 8, camouflage
1, gelatinous body 1
a: no special abilities


You were on level 2 of the Dungeon.
You visited 1 branch of the dungeon, and saw 2 of its levels.

You collected 162 gold pieces.

Inventory:

Hand Weapons
 a - a +0 dagger of speed (weapon)
 b - a +2 vorpal hunting sling
Missiles
 d - 107 stones
 e - 45 sling bullets
Jewellery
 g - an uncursed ring of ice
 h - a cursed ring of resist corrosion (right tentacle)
 q - a ring of willpower (left tentacle)
 r - an uncursed ring of fire {unknown}
Scrolls
 i - 2 scrolls of identify {unknown}
 j - a scroll of immolation {unknown}
 m - a scroll of noise {unknown}
 n - a scroll of enchant weapon {unknown}
 o - 2 scrolls of remove curse {unknown}
 p - 3 scrolls of teleportation {unknown}
Potions
 c - a potion of might {unknown}
 f - a potion of curing {unknown}
 k - a potion of haste {unknown}
 l - 2 potions of flight {unknown}


   Skills:
 - Level 2.0 Dodging
 + Level 4.6 Stealth
 + Level 3.0 Spellcasting
 + Level 4.7 Ice Magic


You had 2 spell levels left.
You knew the following spells:

 Your Spells              Type           Power        Failure   Level
a - Freeze                Ice            80%          2%          1
d - Ozocubu's Armour      Ice            20%          7%          3
r - Frozen Ramparts       Ice            40%          7%          3

Your spell library contained the following spells:

 Spells                   Type           Power        Failure   Level
 Hailstorm                Conj/Ice       11%          52%         4
 Summon Ice Beast         Ice/Summ       11%          52%         4


Dungeon Overview and Level Annotations

Branches:
Dungeon (2/15)

Altars:

Annotations:
D:2 Crazy Yiuf


Innate Abilities, Weirdness & Mutations

You cannot wear most types of armour.
You are very stealthy in the water. (Stealth+)
You are amphibious.
You can wear up to eight rings at the same time.
You can use your tentacles to constrict eight enemies at once.
Your skin changes colour to match your surroundings (Stealth+).
Your rubbery body absorbs attacks. (AC +1, EV +1)


Message History

Things that are here:
a +0 club; a +0 animal skin; a +2 helmet
Found a mace.
Found a runed translucent door.
You open the door.
There is an open translucent door here.
Your tentacles tingle!
a - a +0 dagger of speed (weapon)
The helpless Crazy Yiuf fails to defend himself.
You puncture Crazy Yiuf! You grab Crazy Yiuf.
Crazy Yiuf is severely wounded.
You constrict Crazy Yiuf, but do no damage.
Crazy Yiuf says, "Two koolooloo sanguine!"
Crazy Yiuf barely misses you.
You hit Crazy Yiuf but do no damage.
Crazy Yiuf is severely wounded.
You constrict Crazy Yiuf.
Crazy Yiuf hits you with a +2 quarterstaff of chaos!
Ouch! That really hurt!
Space warps horribly around you!
You die...

#.# #.....#.##..#
#.#
#.#####.##..#.....#
#.#
)........#..#####.#
#.# #)###########
### #.# #.# #.# #.#
######## #.#
#.###.#..#.########
#.#
#.##......#..##...#
###
.........####.'.@g#
#.....#.## ###..)#
#..###### #####
...### #.#..#
#.#..##
#'#...#######
............#
............#


You could see Crazy Yiuf.

Vanquished Creatures
  Terence (D:2)
  Robin (D:2)
  2 adders (D:2)
  A worm (D:2)
  4 dart slugs
  2 leopard geckos
  A giant cockroach (D:1)
  15 goblins
  5 hobgoblins (D:2)
  3 jackals (D:1)
  3 kobolds
  A quokka (D:2)
  2 bats (D:1)
  2 frilled lizards (D:1)
  A rat (D:1)
44 creatures vanquished.

Notes
Turn   | Place    | Note
-------+----------+-------------------------------------------
     0 | D:1      | salade2fruit the Octopode Ice Elementalist began the quest
                  | for the Orb.
     0 | D:1      | Reached XP level 1. HP: 11/11 MP: 3/3
   259 | D:1      | Reached XP level 2. HP: 16/17 MP: 5/5
  1113 | D:2      | Reached XP level 3. HP: 12/21 MP: 2/6
  1830 | D:2      | Noticed Terence
  1852 | D:1      | Learned a level 3 spell: Frozen Ramparts
  1856 | D:1      | Learned a level 3 spell: Ozocubu's Armour
  1862 | D:2      | Noticed Robin
  1866 | D:2      | Reached XP level 4. HP: 20/27 MP: 4/8
  2164 | D:2      | Killed Robin
  2441 | D:2      | Killed Terence
  2628 | D:2      | Found a runed translucent door.
  2629 | D:2      | Noticed Crazy Yiuf
  2638 | D:2      | Slain by Crazy Yiuf

Illustrated notes

Levels and vault maps discovered:
D:1:      minmay_arrival_statue_studded, layout_loops_ring, serial_bayou_ford_a
D:2:      layout_basic, uniq_crazy_yiuf_cottage, uniq_terence, uniq_robin

Skill      XL: |  1  2  3  4 |
---------------+-------------+-----
Stealth        | 3 4 |  4.6
Spellcasting   | 3 |  3.0
Dodging        | |  2.0
Ice Magic      | |  4.7

Action                   |  1- 3 |  4- 6 || total
-------------------------+-------+-------++-------
Melee: Dagger            |    26 |    16 ||    42
       Constrict         |     6 |     3 ||     9
       Tentacles         |     3 |     3 ||     6
 Fire: Hunting sling     |    12 |    11 ||    23
 Cast: Freeze            |    20 |     1 ||    21
       Frozen Ramparts   |     1 |     2 ||     3
       Ozocubu's Armour  |       |     1 ||     1
 Stab: Sleeping          |     8 |     1 ||     9
Armor: Skin              |     2 |       ||     2
Dodge: Dodged            |    23 |    17 ||    40
